 Dungeon Crawl Stone Soup version 0.28-b1-25-g9875b3fc8c (webtiles) character file.

Game seed: 15236375278733974573

2744 pkoi the Destroyer (level 9, -3/62 HPs)
             Began as a Pale Draconian Conjurer on Feb 3, 2022.
             Was an Initiate of Dithmenos.
             Slain by a killer bee (5 damage)
             ... on level 6 of the Dungeon.
             The game lasted 00:12:06 (11926 turns).

pkoi the Destroyer (Pale Draconian Conjurer)       Turns: 11926, Time: 00:12:07

Health: -3/62      AC:  7    Str: 10    XL:     9   Next: 41%
Magic:  15/15      EV: 12    Int: 23    God:    Dithmenos [......]
Gold:   326        SH:  0    Dex:  9    Spells: 8/16 levels left

rFire   . . .      SeeInvis .   a - +5 dagger
rCold   . . .      Faith    .   (no shield)
rNeg    . . .      Spirit   .   (armour unavailable)
rPois   .          Reflect  .   (helmet restricted)
rElec   .          Harm     .   (no cloak)
rCorr   .          Rampage  .   (no gloves)
Will    .....                   (no boots)
Stlth   ++........              (no amulet)
HPRegen 0.20/turn               (no ring)
MPRegen 0.14/turn               (no ring)

@: lethally poisoned (-3 -> -46), about to teleport
A: breathe steam, AC +7, unfitting armour, cold-blooded, steam resistance
a: Breathe Steam, Renounce Religion


You were on level 6 of the Dungeon.
You worshipped Dithmenos.
Dithmenos was noncommittal.
You visited 2 branches of the dungeon, and saw 8 of its levels.

You collected 326 gold pieces.

Inventory:

Hand Weapons
 a - a +5 dagger (weapon)
 c - a +0 whip
Jewellery
 b - an amulet of faith
 s - a ring of protection from cold
Wands
 l - a wand of iceblast (9)
 m - a wand of flame (6)
 q - a wand of digging (8)
Scrolls
 d - a scroll of holy word
 f - a scroll of fog
 h - a scroll of teleportation
 j - a scroll of enchant armour
 o - a scroll of silence
 p - a scroll of fear
 t - a scroll of summoning
Potions
 e - a potion of flight
 g - a potion of haste
 i - 4 potions of heal wounds
 k - a potion of cancellation
 n - a potion of curing
 u - a potion of berserk rage


   Skills:
 - Level 1.7 Dodging
 - Level 1.7 Stealth
 - Level 4.0 Spellcasting
 * Level 11.5 Conjurations
 - Level 6.0 Translocations


You had 8 spell levels left.
You knew the following spells:

 Your Spells              Type           Power      Damage    Failure   Level
a - Magic Dart            Conj           100%       1d8       1%          1
b - Searing Ray           Conj           100%       2d8       1%          2
c - Apportation           Tloc           64%        N/A       1%          1
d - Iskenderun's Mystic   Conj/Tloc      44%        2d10      2%          4

Your spell library contained the following spells:

 Spells                   Type           Power      Damage    Failure   Level
 Shock                    Conj/Air       100%       1d9       1%          1
 Dazzling Flash           Conj/Hex       62%        N/A       3%          3
 Portal Projectile        Hex/Tloc       36%        N/A       9%          3
 Fulminant Prism          Conj/Hex       15%        3d11      10%         4
 Call Canine Familiar     Summ           4%         N/A       30%         3
 Summon Guardian Golem    Hex/Summ       4%         N/A       30%         3
 Swiftness                Air            4%         N/A       30%         3
 Orb of Destruction       Conj           27%        9d9       61%         7
 Airstrike                Air            2%         N/A       71%         4
 Leda's Liquefaction      Hex/Erth       2%         N/A       71%         4
 Alistair's Intoxication  Tmut/Pois      2%         N/A       96%         5
 Blade Hands              Tmut           2%         N/A       96%         5
 Excruciating Wounds      Necr           2%         N/A       96%         5
 Spellforged Servitor     Conj/Summ      15%        N/A       100%        7


Dungeon Overview and Level Annotations

Branches:
Dungeon (7/15)             Temple (1/1) D:7

Altars:
Ashenzari
Dithmenos
Fedhas
Hepliaklqana
Kikubaaqudgha
Makhleb
Nemelex Xobeh
Okawaru
Qazlal
Ru
Sif Muna
Trog
Uskayaw
Vehumet
Wu Jian
Xom
Yredelemnul
Zin
The Shining One

Shops:
D:4 [   D:6 **

Annotations:
D:4 3 runed translucent doors, cbfl8's ghost, amateur MiDe


Innate Abilities, Weirdness & Mutations

You can breathe blasts of scalding, opaque steam.
Your pale cyan-grey scales are hard. (AC +7)
You cannot fit into any form of body armour.
You are cold-blooded and may be slowed by cold attacks.
You are immune to the effects of steam.


Message History

The killer bee poisons you! The killer bee closely misses you.
The killer bee stings you but does no damage. x2
There is a stone staircase leading up, spattered with blood here.
You feel very sick. The killer bee misses you. The killer bee stings you.
You are more poisoned.
The killer bee poisons you!
The killer bee stings you but does no damage.
The killer bee stings you.
The killer bee stings you but does no damage. x4
You climb upwards.
You feel very sick.
There is a stone staircase leading down, spattered with blood here.
Unknown command.
As you read the scroll of teleportation, it crumbles to dust.
You feel strangely unstable.
You feel very sick. The killer bee misses you.
The killer bee closely misses you. x2
The killer bee stings you.
You are more poisoned.
The killer bee poisons you! The killer bee misses you.
The killer bee stings you.
You are lethally poisoned!
The killer bee poisons you! The killer bee stings you!
* * * LOW HITPOINT WARNING * * *
The killer bee closely misses you.
* * * LOW HITPOINT WARNING * * *
You feel very sick.
The killer bee stings you but does no damage.
The killer bee stings you!
* * * LOW HITPOINT WARNING * * *
You are more poisoned.
The killer bee poisons you!
The killer bee stings you but does no damage.
The killer bee barely misses you. The killer bee stings you.
* * * LOW HITPOINT WARNING * * *
You are more poisoned.
The killer bee poisons you! The killer bee barely misses you.
The killer bee stings you.
You die...

#### #..#### #### ##...##.
#yy########.......
###@y...............
##.##y...............
#...#.........#......
###......##.....#.....#
#.....................#
####........##....###....#
##.####(........#.........#
#...#...........#.........#
##>............()..........#


You could see 4 killer bees.

Vanquished Creatures
  Sigmund (D:5)
  A wyvern (D:6)
  Menkaure (D:5)
  A water moccasin (D:7)
  5 black bears
  An orc warrior (D:6)
  2 centaurs
  A phantom (D:4)
  Blork the orc (D:4)
  A bullfrog (D:6)
  A gnoll sergeant (D:6)
  2 scorpions
  2 water moccasin skeletons
  A wyvern skeleton (D:6)
  2 killer bees (D:6)
  3 bullfrog zombies
  A centaur zombie (D:5)
  A bullfrog skeleton (D:7)
  3 hounds
  3 jellies
  An orc priest (D:7)
  Ijyb (D:5)
  2 centaur skeletons
  4 iguanas
  2 orc wizards
  A hound zombie (D:5)
  A mummy (D:6)
  5 adders
  3 gnolls
  2 white imps
  An ufetubus (D:7)
  6 worms
  7 dart slugs
  10 orcs
  9 endoplasms
  5 giant cockroaches
  6 goblins
  6 hobgoblins
  A jackal (D:4)
  8 kobolds
  13 quokkas
  10 ball pythons
  2 bats (D:3)
  6 frilled lizards
  2 hobgoblin zombies (D:6)
  2 orc zombies (D:6)
  14 rats
164 creatures vanquished.

Vanquished Creatures (others)
  2 fungi (D:4)
  2 plants (D:4)
4 creatures vanquished.

Grand Total: 168 creatures vanquished

Notes
Turn   | Place    | Note
-------+----------+-------------------------------------------
     0 | D:1      | pkoi the Draconian Conjurer began the quest for the Orb.
     0 | D:1      | Reached XP level 1. HP: 14/14 MP: 3/3
    24 | D:1      | Found a faded altar of an unknown god.
   452 | D:1      | Reached XP level 2. HP: 11/20 MP: 0/5
   833 | D:1      | Learned a level 2 spell: Searing Ray
  1301 | D:1      | Reached XP level 3. HP: 22/26 MP: 1/6
  2678 | D:2      | Reached skill level 5 in Conjurations
  3461 | D:2      | Reached XP level 4. HP: 33/33 MP: 5/8
  3758 | D:3      | You fall into a shaft and drop 2 floors!
  3758 | D:5      | Entered Level 5 of the Dungeon
  3777 | D:5      | Noticed a black bear
  3783 | D:5      | Killed a black bear
  3784 | D:5      | Reached skill level 6 in Conjurations
  3784 | D:5      | Reached XP level 5. HP: 37/38 MP: 0/10
  3793 | D:4      | Found Paveellu's Armour Shoppe.
  4588 | D:3      | Reached XP level 6. HP: 37/45 MP: 5/11
  4963 | D:4      | Noticed Blork the orc
  4972 | D:4      | Killed Blork the orc
  5076 | D:3      | Reached skill level 7 in Conjurations
  5232 | D:3      | Learned a level 1 spell: Apportation
  5237 | D:3      | Learned a level 4 spell: Iskenderun's Mystic Blast
  5772 | D:4      | Reached skill level 1 in Translocations
  5772 | D:4      | Your scales start taking on a pale cyan-grey colour.
  5772 | D:4      | Reached XP level 7. HP: 47/50 MP: 3/13
  5772 | D:4      | Gained mutation: You are immune to the effects of steam.
                  | [Pale Draconian growth]
  6320 | D:4      | Found a runed translucent gate.
  6320 | D:4      | Found a runed translucent gate.
  6320 | D:4      | Found a runed translucent gate.
  6321 | D:4      | Noticed cbfl8's ghost (amateur MiDe)
  6738 | D:5      | Reached skill level 8 in Conjurations
  6851 | D:5      | Noticed Menkaure
  6856 | D:5      | Killed Menkaure
  7051 | D:5      | Noticed Sigmund
  7060 | D:5      | Killed Sigmund
  7061 | D:5      | Reached XP level 8. HP: 48/57 MP: 10/14
  7346 | D:5      | Noticed Ijyb
  7360 | D:5      | Killed Ijyb
  7361 | D:5      | Reached skill level 9 in Conjurations
  8854 | D:6      | Reached skill level 10 in Conjurations
  9041 | D:6      | Found a burning altar of Makhleb.
  9082 | D:6      | Found Qyguikhli's Specific Store.
  9084 | D:6      | Found Fazup's General Store.
  9747 | D:6      | Reached skill level 5 in Translocations
 10067 | D:6      | Reached XP level 9. HP: 28/62 MP: 7/15
 10271 | D:6      | Noticed a balrug
 10349 | D:6      | Noticed an orange demon
 10349 | D:6      | Noticed a hellwing
 10984 | D:7      | Found a staircase to the Ecumenical Temple.
 10996 | Temple   | Entered the Ecumenical Temple
 11052 | Temple   | Became a worshipper of Dithmenos the Shadowed
 11073 | D:7      | Reached skill level 11 in Conjurations
 11571 | D:6      | HP: 2/62 [poisoned by a killer bee]
 11926 | D:6      | HP: 3/62 [killer bee (8)]
 11926 | D:6      | Slain by a killer bee

Illustrated notes

Levels and vault maps discovered:
D:1:      sevenhm_arrival_forest_fort_small_3, layout_basic,
          shapermc_ecumenical_altar_totnotflames, minmay_pentomino_u2
D:2:      layout_basic, minmay_crystal_room, chequers_avenue, minivault_14
D:3:      layout_basic, grunt_ministairs_4
D:4:      layout_loops_ring, gammafunk_ghost_nasty_kobolds, serial_shops, shop,
          st_stairs_3, uniq_blork_the_orc
D:5:      layout_layer_cave, uniq_ijyb, uniq_sigmund, uniq_menkaure
D:6:      layout_cave_pools, makhleb_altar_promises_db, grunt_ministairs_15,
          nicolae_specific_store, minmay_mini_ossuary
D:7:      layout_basic, lemuel_doored_altar, marbit_many_paths,
          minmay_temple_entry_hall
Temple:   nicolae_temple_no_exploring_needed

Skill      XL: |  1  2  3  4  5  6  7  8  9 |
---------------+----------------------------+-----
Conjurations   | 5 6 7 8 10 11 | 11.5
Spellcasting   | 3 4 |  4.0
Translocations | 1 3 5 6 |  6.0
Dodging        | |  1.7
Stealth        | |  1.7

Action                   |  1- 3 |  4- 6 |  7- 9 || total
-------------------------+-------+-------+-------++-------
Melee: Unarmed           |    25 |       |       ||    25
       Tailslap          |     3 |     6 |     3 ||    12
       Whip              |    29 |       |       ||    29
       Dagger            |       |    34 |    24 ||    58
 Cast: Magic Dart        |   104 |   110 |   146 ||   360
       Searing Ray       |     1 |     4 |    36 ||    41
 Abil: Breathe Steam     |       |       |     2 ||     2
  Use: Scroll            |     4 |       |    14 ||    18
       Potion            |       |       |     1 ||     1
 Stab: Sleeping          |       |     1 |       ||     1
Armor: Skin              |    13 |    17 |    40 ||    70
Dodge: Dodged            |    26 |    38 |    96 ||   160
